 Dungeon Crawl Stone Soup version 0.31.0-12-g77e489cdc1 (webtiles) character file.

Game seed: 6365859209377914455

13658 dognuk the Cleaver (level 11, 0/151 HPs)
             Began as a Minotaur Berserker on Mar 6, 2024.
             Was an Elder of Trog.
             Slain by a death yak (8 damage)
             ... on level 1 of the Lair of Beasts.
             The game lasted 00:36:39 (8019 turns).

dognuk the Cleaver (Minotaur Berserker)             Turns: 8019, Time: 00:36:40

Health: 0/151      AC: 19    Str: 26    XL:     11   Next: 78%
Magic:  10/10      EV:  9    Int:  4    God:    Trog [****..]
Gold:   556        SH:  5    Dex: 10    Spells: 10/10 levels left

rFire   . . .        A - +8 hand axe (freeze)
rCold   . . .        h - +0 buckler
rNeg    + . .        B - +0 plate armour
rPois   .            (helmet restricted)
rElec   .            u - +0 cloak
rCorr   .            g - +0 pair of gloves
SInv    .            (no boots)
Will    ++...        r - amulet of regeneration Stlth
                     m - ring of positive energy
HPRegen 2.25/turn    o - ring of flight
MPRegen 0.12/turn

%: no passive effects
@: berserking, strong-willed, flying, regenerating, very quick
A: horns 2, retaliatory headbutt
a: Renounce Religion, Berserk, Trog's Hand, Brothers in Arms


You were on level 1 of the Lair of Beasts.
You worshipped Trog.
Trog was greatly pleased with you.
You visited 2 branches of the dungeon, and saw 12 of its levels.

You collected 556 gold pieces.

Inventory:

Hand Weapons
 w - the +7 sling "Reta" {heavy, Dex+2}
   (You found it on level 1 of the Lair of Beasts)

   Dex+2:     It affects your dexterity (+2).
 x - a +1 shortbow of freezing
 y - the +2 whip of Analysis {drain, Str+4 Int+4}
   (You found it on level 6 of the Dungeon)

   Str+4:     It affects your strength (+4).
   Int+4:     It affects your intelligence (+4).
 A - a +8 hand axe of freezing (weapon)
Armour
 g - a +0 pair of gloves (worn)
 h - a +0 buckler (worn)
 u - a +0 cloak (worn)
 B - a +0 plate armour (worn)
Jewellery
 a - a ring of willpower
 e - a +6 ring of intelligence
 m - a ring of positive energy (left hand)
 o - a ring of flight (right hand)
 r - an amulet of regeneration (around neck)
 t - an amulet of magic regeneration
Wands
 E - a wand of iceblast (6)
Scrolls
 b - 2 scrolls of revelation
 i - a scroll of amnesia {unknown}
 j - a scroll of fog {unknown}
 n - 5 scrolls of identify
 p - a scroll of enchant armour {unknown}
 v - 2 scrolls of blinking
 z - a scroll of fear {unknown}
 C - 4 scrolls of teleportation
 D - 2 scrolls of vulnerability {unknown}
Potions
 c - a potion of lignification {unknown}
 d - 2 potions of magic
 f - a potion of brilliance {unknown}
 k - a potion of heal wounds {unknown}
 l - 4 potions of curing
 q - 2 potions of enlightenment {unknown}
 s - a potion of resistance {unknown}


   Skills:
 + Level 10.9 Fighting
 + Level 14.1 Axes
 + Level 12.9 Armour
 + Level 5.2 Dodging
 + Level 1.4 Stealth
 + Level 5.7 Shields


You had 10 spell levels left.
You didn't know any spells.
Your spell library was empty.

Dungeon Overview and Level Annotations

Branches:
Dungeon (10/15)            Temple (0/1) D:4            Lair (2/5) D:9
  Swamp: Lair:2-3    Shoals: Lair:2-3     Snake: Lair:2-3    Spider: Lair:2-3
    Orc: D:9-12

Altars:
Dithmenos
Nemelex Xobeh
Okawaru
Qazlal
Xom


Innate Abilities, Weirdness & Mutations

You have a pair of horns on your head.
You reflexively headbutt those who attack you in melee.


Message History

Okay, then.
You slash the death yak! You freeze the death yak.
The death yak is severely wounded.
You slash the death yak! You freeze the death yak.
You barely miss the death yak. You slash the death yak!
You freeze the death yak. You slash the death yak! You freeze the death yak.
Your two-headed ogre hits the death yak with a +0 giant club!!!
Your two-headed ogre hits the death yak with a +0 giant club.
You barely miss the death yak.
The death yak is severely wounded.
You hit the death yak. You freeze the death yak. You slash the death yak!
You freeze the death yak. You hit the death yak. You freeze the death yak.
You slash the death yak! You freeze the death yak.
The death yak gores you but does no damage.
The death yak gores you.
* * * LOW HITPOINT WARNING * * *
The death yak gores you.
* * * LOW HITPOINT WARNING * * *
The death yak gores you!
* * * LOW HITPOINT WARNING * * *
You block the death yak's attack.
You completely miss the death yak.
The death yak is severely wounded.
You hit the death yak. You freeze the death yak. You barely miss the death yak.
You hit the death yak. You freeze the death yak. You hit the death yak.
You freeze the death yak.
Your two-headed ogre hits the death yak with a +0 giant club!!
The death yak dies!
Trog accepts your kill.
You slash the death yak! You freeze the death yak.
The death yak is almost dead.
You hit the death yak. You freeze the death yak. You hit the death yak.
You freeze the death yak. You slash the death yak! You freeze the death yak.
You slash the death yak! You freeze the death yak.
You kill the death yak!
Trog accepts your kill.
You can now call in reinforcements.
You hit the death yak. You freeze the death yak. You hit the death yak.
You freeze the death yak. You barely miss the death yak.
The death yak gores you!
You die...

.................###########^.###
.................# #### #
.................# #
.................## .
..................#
.................######.
.................>......
.................Y......
................@Y......
#P##.##.##.#...Y.†......
############......O.....
#.......†.... #...........?
#............ #............
.............


You could see 3 death yaks and a friendly two-headed ogre (summoned, berserk).

Vanquished Creatures
  A two-headed ogre (D:8)
  A death yak (Lair:1)
  3 elephants (Lair:1)
  Jeremiah (D:7)
  A gargoyle (D:10)
  3 cane toads (Lair:1)
  6 komodo dragons
  A hornet (D:9)
  Prince Ribbit (D:7)
  13 yaks
  3 wyverns (D:9)
  2 steam dragons
  4 vampire mosquitoes (D:7)
  Menkaure (D:5)
  2 acid dragons
  3 water moccasins
  2 orc warriors
  5 ice beasts
  A black bear (D:8)
  2 ogres
  5 wolves
  4 centaurs
  A phantom (D:4)
  A kobold brigand (D:9)
  7 bullfrogs
  2 scorpions
  A hornet simulacrum (D:8)
  9 wights
  A howler monkey (D:6)
  An electric eel (D:8)
  4 jellies
  2 gnoll boudas
  3 hounds
  3 orc priests
  6 iguanas
  6 orc wizards
  A centaur simulacrum (D:8)
  A killer bee simulacrum (D:8)
  3 adders
  11 gnolls
  A shadow imp (D:7)
  4 white imps
  6 ufetubi
  3 dart slugs
  A ribbon worm (D:2)
  24 orcs
  9 bats
  5 endoplasms
  3 giant cockroaches
  6 goblins
  7 hobgoblins
  4 jackals
  3 quokkas
  5 ball pythons
  2 frilled lizards (D:1)
  7 kobolds
218 creatures vanquished.

Vanquished Creatures (collateral kills)
  2 death yaks (Lair:1)
2 creatures vanquished.

Grand Total: 220 creatures vanquished

Notes
Turn   | Place    | Note
-------+----------+-------------------------------------------
     0 | D:1      | dognuk the Minotaur Berserker began the quest for the Orb.
     0 | D:1      | Reached XP level 1. HP: 19/19 MP: 0/0
   147 | D:1      | Reached skill level 4 in Axes
   147 | D:1      | Reached XP level 2. HP: 25/27 MP: 1/1
   832 | D:1      | Reached ** piety under Trog
  1061 | D:2      | Reached XP level 3. HP: 29/33 MP: 2/2
  2258 | D:4      | Noticed an ogre
  2270 | D:4      | Killed an ogre
  2271 | D:4      | Reached skill level 5 in Axes
  2271 | D:4      | Reached XP level 4. HP: 40/41 MP: 3/3
  2271 | D:4      | Reached XP level 5. HP: 46/47 MP: 4/4
  2546 | D:5      | Entered Level 5 of the Dungeon
  2546 | D:5      | Noticed a water moccasin
  2550 | D:5      | Reached skill level 1 in Shields
  2556 | D:5      | Killed a water moccasin
  2557 | D:5      | Reached XP level 6. HP: 53/53 MP: 5/5
  2714 | D:4      | Reached skill level 6 in Axes
  2862 | D:4      | Reached skill level 5 in Fighting
  2872 | D:4      | Found a staircase to the Ecumenical Temple.
  2952 | D:6      | Noticed a water moccasin
  2957 | D:6      | Reached skill level 5 in Armour
  2957 | D:6      | Reached XP level 7. HP: 61/61 MP: 6/6
  3013 | D:5      | Reached skill level 7 in Axes
  3168 | D:5      | Reached *** piety under Trog
  3226 | D:5      | Noticed Menkaure
  3234 | D:5      | Killed Menkaure
  3235 | D:5      | Reached XP level 8. HP: 70/70 MP: 7/7
  3266 | D:5      | Found a stormy altar of Qazlal.
  3266 | D:5      | Found a sparkling altar of Nemelex Xobeh.
  3267 | D:5      | Found a shadowy altar of Dithmenos.
  3278 | D:5      | Found an iron altar of Okawaru.
  3395 | D:5      | Reached skill level 8 in Axes
  3658 | D:6      | Identified the +2 whip of Analysis {drain, Str+4 Int+4}
  3694 | D:7      | Noticed Jeremiah
  3828 | D:6      | Reached skill level 9 in Axes
  4200 | D:6      | Reached XP level 9. HP: 76/78 MP: 8/8
  4403 | D:7      | Reached skill level 10 in Axes
  4411 | D:7      | Reached skill level 1 in Stealth
  4558 | D:7      | Reached **** piety under Trog
  4609 | D:7      | Noticed Prince Ribbit
  4626 | D:7      | Killed Prince Ribbit
  4677 | D:7      | Reached skill level 11 in Axes
  4965 | D:7      | Killed Jeremiah
  4966 | D:7      | Reached skill level 10 in Armour
  4966 | D:7      | Reached XP level 10. HP: 30/88 MP: 9/9
  5474 | D:8      | Noticed a two-headed ogre
  5482 | D:8      | Killed a two-headed ogre
  5595 | D:8      | Found a shimmering altar of Xom.
  6588 | D:10     | Entered Level 10 of the Dungeon
  6755 | D:10     | Noticed a gargoyle
  6763 | D:10     | Killed a gargoyle
  6764 | D:10     | Reached skill level 12 in Axes
  6858 | D:9      | Reached skill level 5 in Dodging
  6912 | D:9      | Found a staircase to the Lair.
  7447 | Lair:1   | Entered Level 1 of the Lair of Beasts
  7451 | Lair:1   | Reached XP level 11. HP: 97/97 MP: 10/10
  7463 | Lair:1   | Reached skill level 13 in Axes
  7463 | Lair:1   | Reached skill level 5 in Shields
  7568 | Lair:1   | Identified the +7 sling "Reta" {heavy, Dex+2}
  7609 | Lair:1   | Reached skill level 10 in Fighting
  8006 | Lair:1   | Noticed a death yak
  8007 | Lair:1   | Noticed a death yak
  8007 | Lair:1   | Noticed a death yak
  8007 | Lair:1   | Noticed a death yak
  8008 | Lair:1   | Noticed a death yak
  8008 | Lair:1   | Noticed a death yak
  8013 | Lair:1   | Killed a death yak
  8014 | Lair:1   | Reached skill level 14 in Axes
  8016 | Lair:1   | HP: 6/151 [death yak (12)]
  8017 | Lair:1   | Killed a death yak
  8019 | Lair:1   | Killed a death yak
  8019 | Lair:1   | Slain by a death yak

Illustrated notes

Levels and vault maps discovered:
D:1:      saegor_arrival_simple_a, layout_basic, roderic_lattice_a
D:2:      layout_loops_ring, hangedman_decor_points
D:3:      layout_loops_cross
D:4:      layout_cave_pods, minmay_temple_entry_offerings
D:5:      layout_rooms, nicolae_overflow_quartered_altars, uniq_menkaure
D:6:      layout_basic
D:7:      layout_loops_corners, uniq_prince_ribbit1, uniq_jeremiah
D:8:      layout_gridville, kennysheep_mini, serial_ice, serial_ice_d,
          serial_ice_o, serial_ice_b, serial_ice_m, serial_ice_f, serial_ice_h,
          nicolae_figureground_pulse
D:9:      layout_long_grid, erik_lair_dragon
D:10:     layout_loops_corners, serial_bayou_pond_e, serial_bayou_pond_c,
          nicolae_the_louvre
Lair:1:   layout_long_grid, minmay_stone_trees_medium, evilmike_ambush
          [evilmike_ambush_outer_pillars, evilmike_ambush_inner_pond]
Lair:2:   layout_regular_city, elwin_shoals_entry_rocks,
          nicolae_spider_entry_lesser_pyramids, serial_bayou_shore_a

Skill      XL: |  1  2  3  4  5  6  7  8  9 10 11 |
---------------+----------------------------------+-----
Axes           | 4 5 6 7 9 11 12 14 | 14.1
Fighting       | 4 5 6 8 9 10 | 10.9
Armour         | 3 4 5 6 8 10 11 12 | 12.9
Dodging        | 3 4 5 |  5.2
Shields        | 1 2 3 4 5 |  5.7
Stealth        | 1 |  1.4

Action                     |  1- 3 |  4- 6 |  7- 9 | 10-12 || total
---------------------------+-------+-------+-------+-------++-------
  Melee: Hand axe          |    81 |    48 |   180 |   216 ||   525
         Headbutt          |    13 |     8 |    29 |    53 ||   103
 Invoke: Berserk           |       |     1 |     6 |     7 ||    14
         Trog's Hand       |       |       |     3 |     2 ||     5
         Brothers in Arms  |       |       |       |     1 ||     1
    Use: Scroll            |     2 |       |     3 |     7 ||    12
 Armour: Leather armour    |    27 |       |       |       ||    27
         Ring mail         |     7 |       |       |       ||     7
         Scale mail        |    19 |    39 |    45 |       ||   103
         Chain mail        |       |       |   124 |    95 ||   219
         Plate armour      |       |       |       |   137 ||   137
  Dodge: Dodged            |    63 |    38 |    93 |    96 ||   290
  Block: Buckler           |     9 |     4 |    22 |    54 ||    89
